 Dungeon Crawl Stone Soup version 0.30-a0-292-g0f741e3f8e (webtiles) character file.

Game seed: 2984420665447564828

110 themarg the Trooper (level 4, 0/42 HPs)
             Began as a Hill Orc Monk on Oct 18, 2022.
             Succumbed to a water moccasin's poison
             ... on level 6 of the Dungeon.
             The game lasted 00:07:11 (2302 turns).

themarg the Trooper (Hill Orc Monk)                 Turns: 2302, Time: 00:07:12

Health: 0/42       AC:  8    Str: 15    XL:     4   Next: 91%
Magic:  4/4        EV: 10    Int: 10    God:
Gold:   76         SH:  0    Dex: 13    Spells: 3/3 levels left

rFire   . . .      SeeInvis +    a - +0 hand axe
rCold   . . .      Faith    .    (no shield)
rNeg    . . .      Spirit   .    n - +0 scale mail
rPois   .          Reflect  .    b - +0 helmet
rElec   .          Harm     .    (no cloak)
rCorr   .          Rampage  .    l - +0 pair of gloves
Will    .....                    (no boots)
Stlth   ..........               (no amulet)
HPRegen 0.27/turn                f - ring of see invisible
MPRegen 0.09/turn                (no ring)

@: confused, brilliant, lethally poisoned (0 -> -31), ambrosia-drunk
A: no striking features
a: no special abilities


You were on level 6 of the Dungeon.
You visited 1 branch of the dungeon, and saw 5 of its levels.

You collected 76 gold pieces.

Inventory:

Hand Weapons
 a - a +0 hand axe (weapon)
Missiles
 j - 9 stones (quivered)
Armour
 b - a +0 helmet (worn)
 k - a +0 buckler
 l - a +0 pair of gloves (worn)
 n - a +0 scale mail (worn)
Jewellery
 f - a ring of see invisible (left hand)
Scrolls
 d - 3 scrolls of identify {unknown}
 e - a scroll of teleportation
 h - a scroll of enchant weapon {unknown}
Potions
 g - a potion of heal wounds {unknown}
 i - 2 potions of brilliance
 m - 2 potions of curing {unknown}
 o - a potion of flight {unknown}


   Skills:
 + Level 5.6 Fighting
 - Level 4.0 Axes
 - Level 2.4 Dodging
 - Level 3.0 Stealth


You had 3 spell levels left.
You didn't know any spells.
Your spell library contained the following spells:

 Spells                   Type           Power      Damage    Failure   Level
 Summon Guardian Golem    Hex/Summ       0%         N/A       99%         3
 Orb of Destruction       Conj           0%         9d5       100%        7
 Spellforged Servitor     Conj/Summ      0%         N/A       100%        7


Dungeon Overview and Level Annotations

Branches:
Dungeon (6/15)
 Temple: D:4-7

Altars:
Xom
The Shining One

Shops:
D:1 !

Annotations:
D:6 exclusion: upstairs


Message History

Your surroundings suddenly seem different.
You start resting.
A water moccasin comes into view.
The water moccasin hisses angrily.
The water moccasin bites you.
You completely miss the water moccasin. The water moccasin bites you.
You are poisoned.
The water moccasin poisons you! The water moccasin bites you.
You barely miss the water moccasin.
You feel very sick. The water moccasin bites you.
You hit the water moccasin.
The water moccasin is lightly wounded.
You feel very sick.
The water moccasin barely misses you. x2
You barely miss the water moccasin.
The water moccasin is lightly wounded.
You feel very sick. The water moccasin bites you!
The water moccasin barely misses you.
You barely miss the water moccasin.
The water moccasin is lightly wounded.
You feel sick. The water moccasin misses you.
You barely miss the water moccasin.
The water moccasin is lightly wounded.
You feel sick. The water moccasin barely misses you.
The water moccasin bites you.
* * * LOW HITPOINT WARNING * * *
You are lethally poisoned!
The water moccasin poisons you!
You are confused.
You feel invigorated.
* * * LOW HITPOINT WARNING * * *
You feel very sick. The water moccasin bites you.
* * * LOW HITPOINT WARNING * * *
You are more poisoned.
The water moccasin poisons you!
It was a potion of brilliance.
You feel clever all of a sudden.
You die...

....
...
...
.. ..
#. #
#.##
#
#.S#
#.
#@#
##..
#.#
....
#.#
....
...
....
.#.##
..?.
#....
....
# ...
....
.#.
.###
#. ..


You could see a water moccasin.

Vanquished Creatures
  Jessica (D:2)
  3 adders (D:2)
  2 worms (D:2)
  2 dart slugs (D:1)
  8 bats
  4 endoplasms
  2 giant cockroaches (D:2)
  2 goblins
  5 hobgoblins
  3 kobolds
  2 quokkas
  5 ball pythons
  A frilled lizard (D:1)
  7 rats
47 creatures vanquished.

Notes
Turn   | Place    | Note
-------+----------+-------------------------------------------
     0 | D:1      | themarg the Hill Orc Monk began the quest for the Orb.
     0 | D:1      | Reached XP level 1. HP: 19/19 MP: 1/1
   106 | D:1      | Reached skill level 4 in Fighting
   106 | D:1      | Reached XP level 2. HP: 17/27 MP: 2/2
   422 | D:1      | Found Zyitimip's Distillery.
   550 | D:1      | Reached XP level 3. HP: 34/34 MP: 3/3
  1117 | D:2      | Reached XP level 4. HP: 37/41 MP: 4/4
  1167 | D:2      | Noticed Jessica
  1175 | D:2      | Killed Jessica
  1176 | D:2      | Reached skill level 5 in Fighting
  2220 | D:3      | Found a glowing golden altar of the Shining One.
  2220 | D:3      | Found a shimmering altar of Xom.
  2227 | D:3      | You fall into a shaft and drop 3 floors!
  2234 | D:5      | Entered Level 5 of the Dungeon
  2234 | D:5      | Noticed a centaur
  2242 | D:6      | Noticed a centaur
  2243 | D:6      | Noticed an ogre
  2263 | D:6      | Noticed a water moccasin
  2291 | D:6      | Noticed a water moccasin
  2302 | D:6      | Succumbed to a water moccasin's poison

Illustrated notes

Levels and vault maps discovered:
D:1:      denvon_arrival_planthouse, layout_rooms, serial_shops, shop,
          chequers_big_river, minmay_cut_off
D:2:      layout_basic, uniq_jessica
D:3:      layout_basic, nicolae_overflow_hidden_temple,
          nicolae_gozag_seed_capital, nicolae_overflow_two_pavilions,
          fountainhead, hex_tiny, minmay_misc_feat_tiny, supply_closet_lemuel
D:5:      layout_cave_pods, nicolae_ru_great_annihilating_truth,
          mainiacjoe_overflow_six_doors_small, serial_park_tiny_1,
          chequers_mini_garden
D:6:      layout_rooms

Skill      XL: |  1  2  3  4 |
---------------+-------------+-----
Fighting       | 4 5 |  5.6
Stealth        | 2 3 |  3.0
Axes           | |  4.0
Dodging        | |  2.4

Action                   |  1- 3 |  4- 6 || total
-------------------------+-------+-------++-------
Melee: Hand axe          |   147 |    63 ||   210
       Punch             |     1 |       ||     1
  Use: Potion            |       |     2 ||     2
       Scroll            |       |     1 ||     1
 Stab: Sleeping          |     2 |     1 ||     3
Armor: Leather armour    |    52 |       ||    52
       Scale mail        |       |    32 ||    32
Dodge: Dodged            |   110 |    40 ||   150

Table legend: (Time is in decaauts)
 A = Elapsed time spent in this place.
 B = Non-inter-level travel time spent in this place.
 C = Inter-level travel time spent in this place.
 D = Time resting spent in this place.
 E = Time spent auto-exploring this place.
 F = Levels seen in this place.
 G = Mean time per level.
                   A        B        C        D        E       F      G
               +--------+--------+--------+--------+--------+-----+--------+
         Total |   2331 |   2215 |    116 |    167 |   1525 |   5 |  466.2 |
       Dungeon |   2331 |   2215 |    116 |    167 |   1525 |   5 |  466.2 |
               +--------+--------+--------+--------+--------+-----+--------+

Top non-repeatable levels by time:
     D:2: 1207 daAuts
     D:1: 965 daAuts
     D:3: 82 daAuts
     D:6: 73 daAuts
     D:5: 1 daAuts
